 Dungeon Crawl Stone Soup version 0.23.2-40-g277498a001 (webtiles) character file.

Game seed: 15646422625987760354

1911 Araneus the Basher (level 8, -7/58 HPs)
             Began as a Mummy Fighter on Sept 11, 2019.
             Was a Follower of Okawaru.
             Mangled by a centaur
             ... wielding a +0 halberd
              (11 damage)
             ... in a bailey.
             The game lasted 00:22:37 (7441 turns).

Araneus the Basher (Mummy Fighter)                  Turns: 7441, Time: 00:22:37

Health: -7/58      AC: 14    Str: 21    XL:     8   Next: 95%
Magic:  8/8        EV:  4    Int: 11    God:    Okawaru [*.....]
Gold:   294        SH:  9    Dex: 15    Spells: 2/7 levels left

rFire    x . .     SeeInvis .   a - +0 flail
rCold    + . .     Gourm    .   c - +0 shield
rNeg     + + +     Faith    .   g - +0 plate armour
rPois    ∞         Spirit   .   l - +1 helmet of Suerph {rCorr Int+4 Dex+3}
rElec    .         Reflect  .   (no cloak)
rCorr    +         Harm     .   (no gloves)
MR       +....                  (no boots)
Stlth    ..........             (no amulet)
HPRegen  0.19/turn              (no ring)
MPRegen  0.11/turn              (no ring)

@: very slightly contaminated
A: no food or potions, fire vulnerability, cold resistance 1, negative energy
resistance 3, torment resistance, unbreathing
a: Heroism, Renounce Religion


You were in a bailey.
You worshipped Okawaru.
Okawaru was aware of your devotion.
You were not hungry.

You visited 2 branches of the dungeon, and saw 8 of its levels.
You also visited: Bailey.

You collected 294 gold pieces.

Inventory:

Hand Weapons
 a - a +0 flail (weapon)
Missiles
 b - 3 tomahawks
 j - 4 steel tomahawks (quivered)
Armour
 c - a +0 shield (worn)
 g - a +0 plate armour (worn)
 l - the +1 helmet of Suerph (worn) {rCorr Int+4 Dex+3}
   (You took it off Robin on level 4 of the Dungeon)

   It affects your intelligence (+4).
   It affects your dexterity (+3).
   It provides partial protection from all sources of acid and corrosion.
Scrolls
 e - 5 scrolls of remove curse {unknown}
 f - 9 scrolls of identify {unknown}
 i - a scroll of teleportation
 k - a scroll of noise {unknown}


   Skills:
 - Level 3.0 Fighting
 + Level 8.4 Maces & Flails
 + Level 5.6 Armour
 + Level 2.7 Shields


You had 2 spell levels left.
You knew the following spells:

 Your Spells              Type           Power        Failure   Level  Hunger
a - Poisonous Vapours     Pois/Air       #.....       100%        2    N/A
b - Mephitic Cloud        Conj/Pois/Air  #.......     100%        3    N/A

Your spell library contained the following spells:

 Spells                   Type           Power        Failure   Level  Hunger
 Corona                   Hex            #......      100%        1    N/A
 Ensorcelled Hibernation  Hex/Ice        #.....       100%        2    N/A
 Confuse                  Hex            #.......     100%        3    N/A
 Conjure Flame            Conj/Fire      #.......     100%        3    N/A
 Dazzling Spray           Conj/Hex       #.....       100%        3    N/A
 Tukima's Dance           Hex            #.......     100%        3    N/A
 Freezing Cloud           Conj/Ice/Air   #.........   100%        6    N/A
 Ring of Flames           Chrm/Fire      #.........   100%        7    N/A

Dungeon Overview and Level Annotations

Branches:
Dungeon (7/15)             Temple (1/1) D:6

Altars:
Cheibriados
Dithmenos
Fedhas
Gozag
Hepliaklqana
Makhleb
Nemelex Xobeh
Okawaru
Qazlal
Ru
Sif Muna
Trog
Vehumet
Xom
Yredelemnul
Zin
The Shining One

Shops:
D:6 *

Annotations:
D:5 Pikel


Innate Abilities, Weirdness & Mutations

You do not eat or drink.
Your flesh is vulnerable to fire.
You are immune to poison.
Your flesh is cold resistant. (rC+)
You are immune to negative energy. (rN+++)
You are immune to unholy pain and torment.
You can survive without breathing.


Message History

The weapon returns to the centaur!
There is a gate leading back out of this place here. 2 orcs come into view.
The orc shouts! x2
The centaur throws a javelin of returning.
The javelin of returning hits you.
* * * LOW HITPOINT WARNING * * *
The weapon returns to the centaur!
The centaur throws a javelin of returning.
You block the javelin of returning.
There is a fountain of clear blue water here.
Your surroundings suddenly seem different.
A centaur comes into view. It is wielding a +0 halberd.
The centaur shouts!
An orc warrior comes into view. It is wielding a +0 spear.
The orc warrior shouts!
An orc warrior comes into view. It is wielding a +0 spear.
The orc warrior shouts!
You hear a shout! x3
The centaur hits you from afar with a +0 halberd!
You die...

###############
≈≈≈≈≈≈≈≈≈≈≈≈≈≈≈
≈≈≈≈≈≈≈≈≈≈≈≈≈≈≈
≈≈≈.....c.≈≈≈≈≈
≈..≈≈≈≈≈≈≈..≈≈≈
.≈≈≈..o@o≈≈≈..≈
≈≈.........≈≈≈.
.............≈.
.⌠.........⌠.≈≈
..............≈
...≈≈≈≈≈≈≈....≈
.≈≈≈≈≈≈≈≈≈≈≈...
≈≈≈≈≈≈≈≈≈≈≈≈≈..


You could see 2 orc warriors and a centaur.

Vanquished Creatures
  Grinder (D:4)
  Sigmund (D:5)
  Duvessa (D:5)
  4 slaves
  An ogre (D:6)
  A phantom (D:4)
  A centaur (D:7)
  A bullfrog (D:2)
  A scorpion (D:5)
  Dowan (D:5)
  2 howler monkeys
  3 crimson imps (D:6)
  2 bullfrog skeletons
  3 hounds
  3 orc priests
  A gnoll shaman (D:6)
  2 jellies
  5 orc wizards
  An iron imp (D:5)
  3 worker ants
  An iguana (D:4)
  A hound skeleton (D:7)
  Robin (D:4)
  11 gnolls
  4 adders
  A shadow imp (D:7)
  An ooze (D:4)
  A worm (D:3)
  2 dart slugs
  8 leopard geckos
  17 orcs
  A ball python (D:4)
  7 giant cockroaches
  16 goblins
  10 hobgoblins
  6 jackals
  A quokka (D:4)
  8 bats
  4 frilled lizards
  5 kobolds
  A leopard gecko skeleton (D:4)
  A quokka skeleton (D:6)
  7 rats
153 creatures vanquished.

Notes
Turn   | Place    | Note
-------+----------+-------------------------------------------
     0 | D:1      | Araneus the Mummy Fighter began the quest for the Orb.
     0 | D:1      | Reached XP level 1. HP: 18/18 MP: 1/1
   112 | D:1      | Reached skill level 2 in Maces & Flails
   112 | D:1      | Reached XP level 2. HP: 17/24 MP: 2/2
   605 | D:1      | Reached XP level 3. HP: 25/29 MP: 3/3
   623 | D:1      | Reached skill level 3 in Maces & Flails
  1554 | D:2      | Noticed a bullfrog
  1561 | D:2      | Killed a bullfrog
  1561 | D:2      | Reached skill level 4 in Maces & Flails
  1561 | D:2      | Reached XP level 4. HP: 34/35 MP: 4/4
  1769 | D:2      | Reached XP level 5. HP: 41/41 MP: 5/5
  1961 | D:3      | Found a shimmering altar of Xom.
  2273 | D:3      | Reached skill level 5 in Maces & Flails
  2445 | D:3      | Found a bloodstained altar of Trog.
  2568 | D:3      | Reached XP level 6. HP: 34/47 MP: 6/6
  2716 | D:3      | Found a shimmering altar of Xom.
  2882 | D:3      | Found a glowing golden altar of the Shining One.
  3141 | D:4      | Identified the +1 helmet of Suerph {rCorr Int+4 Dex+3}
  3141 | D:4      | Noticed Robin
  3191 | D:4      | Killed Robin
  3227 | D:4      | Found a hazy altar of Hepliaklqana.
  3376 | D:4      | Found a burning altar of Makhleb.
  3446 | D:4      | Reached skill level 6 in Maces & Flails
  3540 | D:4      | Reached XP level 7. HP: 47/52 MP: 7/7
  3875 | D:4      | Noticed Grinder
  3887 | D:4      | Paralysed by Grinder for 6 turns
  3894 | D:4      | Killed Grinder
  3894 | D:4      | Reached skill level 7 in Maces & Flails
  4347 | D:5      | Entered Level 5 of the Dungeon
  4349 | D:5      | Found a blossoming altar of Fedhas.
  4403 | D:5      | Noticed Duvessa
  4405 | D:5      | Noticed Dowan
  4416 | D:5      | Killed Duvessa
  4433 | D:5      | Killed Dowan
  4441 | D:5      | Reached XP level 8. HP: 54/58 MP: 8/8
  4578 | D:5      | Found an iron altar of Okawaru.
  4583 | D:5      | Became a worshipper of Warmaster Okawaru
  4668 | D:5      | Noticed Sigmund
  4703 | D:5      | Killed Sigmund
  5239 | D:5      | Found a snail-covered altar of Cheibriados.
  5392 | D:6      | Found Ufimesch's Assorted Antiques.
  5409 | D:6      | Found a staircase to the Ecumenical Temple.
  5424 | Temple   | Entered the Ecumenical Temple
  5694 | D:6      | Reached * piety under Okawaru
  5694 | D:6      | Reached skill level 5 in Armour
  5698 | D:6      | Noticed Pikel
  6035 | D:6      | Reached skill level 8 in Maces & Flails
  6678 | D:6      | Learned a level 2 spell: Poisonous Vapours
  6682 | D:6      | Learned a level 3 spell: Mephitic Cloud
  7427 | D:7      | Found a flagged portal.
  7437 | Bailey   | Entered a bailey
  7441 | Bailey   | Mangled by a centaur

Skill      XL: |  1  2  3  4  5  6  7  8 |
---------------+-------------------------+-----
Maces & Flails | 2 4 5 6 7 8 |  8.4
Armour         | 3 5 |  5.6
Fighting       | |  3.0
Shields        | |  2.7

Action                   |  1- 3 |  4- 6 |  7- 9 || total
-------------------------+-------+-------+-------++-------
Melee: Flail             |   149 |   291 |   421 ||   861
Throw: Tomahawk          |     4 |     8 |     9 ||    21
  Use: Scroll            |       |       |     4 ||     4
Armor: Scale mail        |    21 |       |       ||    21
       Plate armour      |    46 |   219 |   288 ||   553
Dodge: Dodged            |    34 |    34 |    49 ||   117
Block: Shield            |    64 |   138 |   216 ||   418
